 Dungeon Crawl Stone Soup version 0.22-a0-149-g870e420 (webtiles) character file.

487 KristoblXynda the Slasher (level 6, -3/48 HPs)
             Began as a Draconian Gladiator on Feb 7, 2018.
             Slain by an ogre
             ... wielding a +0 giant club
              (18 damage)
             ... on level 5 of the Dungeon.
             The game lasted 00:06:19 (3438 turns).

KristoblXynda the Slasher (Draconian Gladiator)     Turns: 3438, Time: 00:06:20

Health: -3/48      AC: 10    Str: 18    XL:     6   Next: 89%
Magic:  0/6        EV: 14    Int:  9    God:
Gold:   127        SH:  0    Dex: 12    Spells: 5/5 levels left

rFire    . . .     SeeInvis .   j - +0 short sword (venom)
rCold    + . .     Gourm    .   (no shield)
rNeg     . . .     Faith    .   (armour unavailable)
rPois    .         Spirit   +   b - +0 hat
rElec    .         Reflect  .   (no cloak)
rCorr    .         Harm     .   w - +1 pair of gloves
MR       .....                  f - +1 pair of boots
Stlth    +.........             n - amulet of guardian spirit
HPRegen  0.16/turn              (no ring)
MPRegen  0.10/turn              u - ring of protection from cold

@: no status effects
A: unfitting armour, cold-blooded, AC +6
a: no special abilities


You were on level 5 of the Dungeon.
You were not hungry.

You visited 1 branch of the dungeon, and saw 5 of its levels.

You collected 127 gold pieces.

Inventory:

Hand Weapons
 a - a +1 long sword
 j - a +0 short sword of venom (weapon)
Missiles
 c - 3 throwing nets (quivered)
Armour
 b - a +0 hat (worn)
 f - a +1 pair of boots (worn)
 w - a +1 pair of gloves (worn)
Jewellery
 n - an amulet of guardian spirit (around neck)
 u - a ring of protection from cold (right hand)
Wands
 y - a wand of enslavement (15)
Scrolls
 h - 2 scrolls of enchant weapon
 i - a scroll of magic mapping {unknown}
Potions
 e - a potion of might {unknown}
 g - a potion of lignification {unknown}
 m - a potion of berserk rage {unknown}
 q - a potion of haste {unknown}
 v - a potion of curing {unknown}
Comestibles
 d - 7 rations


   Skills:
 - Level 2.1 Fighting
 * Level 6.5 Long Blades
 - Level 2.0 Throwing
 + Level 4.6 Dodging


You had 5 spell levels left.
You didn't know any spells.

Dungeon Overview and Level Annotations

Branches:
Dungeon (5/15)
 Temple: D:4-7

Altars:
Qazlal


Innate Abilities, Weirdness & Mutations

Your plain brown scales are hard. (AC +6)
You cannot fit into any form of body armour.
You are cold-blooded and may be slowed by cold attacks.


Message History

The leopard gecko bites you but does no damage.
You closely miss the leopard gecko.
The leopard gecko is almost dead.
The centaur skeleton hits you.
* * * LOW HITPOINT WARNING * * *
The leopard gecko bites you but does no damage.
You hit the centaur skeleton.
The centaur skeleton is moderately damaged.
You kill the leopard gecko!
The centaur skeleton barely misses you.
The centaur skeleton completely misses you.
You hit the ogre.
The ogre is poisoned.
The ogre is lightly wounded.
The ogre misses you.
The centaur skeleton closely misses you.
You barely miss the ogre.
The ogre is moderately wounded.
The centaur skeleton hits you but does no damage.
The ogre hits you with a giant club!!
You die...

.........................#
..........................#
..........................#
....................รท.<...#
..........................#
..........................#
.........................##
.........................#
.......).O@..............#
.......)..Z..............#
#........................#
#..................
#.................
..................
..................
..................
...........(.....


You could see an ogre and a centaur skeleton.

Vanquished Creatures
  An ogre (D:4)
  2 hounds (D:4)
  A bullfrog skeleton (D:4)
  An orc wizard (D:4)
  Natasha (thrice) (D:3)
  A worker ant (D:4)
  3 gnolls (D:5)
  5 adders
  2 oozes
  3 worms
  4 dart slugs
  4 leopard geckos
  8 orcs
  A ball python (D:3)
  2 giant cockroaches
  4 goblins
  4 hobgoblins
  3 jackals (D:1)
  10 kobolds
  9 bats
  8 frilled lizards
  A leopard gecko skeleton (D:4)
  A quokka skeleton (D:4)
  7 rats
88 creatures vanquished.

Notes
Turn   | Place    | Note
-------+----------+-------------------------------------------
     0 | D:1      | KristoblXynda the Draconian Gladiator began the quest for the Orb.
     0 | D:1      | Reached XP level 1. HP: 17/17 MP: 1/1
   251 | D:1      | Reached XP level 2. HP: 24/24 MP: 2/2
  1010 | D:2      | Reached XP level 3. HP: 29/29 MP: 3/3
  1263 | D:2      | Reached skill level 4 in Long Blades
  1431 | D:3      | Noticed Natasha
  1440 | D:3      | Killed Natasha
  1440 | D:3      | Reached XP level 4. HP: 22/36 MP: 4/4
  1505 | D:3      | Found a stormy altar of Qazlal.
  1530 | D:3      | Noticed Natasha
  1536 | D:3      | Killed Natasha
  1655 | D:3      | Reached XP level 5. HP: 25/41 MP: 5/5
  1843 | D:3      | Noticed Natasha
  1851 | D:3      | Killed Natasha
  1851 | D:3      | Reached skill level 5 in Long Blades
  2514 | D:4      | Noticed an ogre
  2519 | D:4      | Reached XP level 6. HP: 25/48 MP: 6/6
  2521 | D:4      | HP: 2/48 [ogre/giant spiked club (18)]
  2970 | D:4      | Reached skill level 6 in Long Blades
  3323 | D:5      | Entered Level 5 of the Dungeon
  3438 | D:5      | Slain by an ogre

Vault maps used:
D:1:      nagdon_arrival_double_spiral
D:3:      kennysheep_cross_bottleneck, nicolae_qazlal_general_emergency,
          uniq_natasha
D:4:      lemuel_upstairs_altar
D:5:      first_ration, serial_bayou_ford_a, nicolae_tso_carved_into_rock

Skill      XL: |  1  2  3  4  5  6 |
---------------+-------------------+-----
Throwing       | 2 |  2.0
Dodging        | 3 4 |  4.6
Long Blades    | 4 5 6 |  6.5
Fighting       | |  2.1

Action                   |  1- 3 |  4- 6 || total
-------------------------+-------+-------++-------
Melee: Long sword        |    36 |       ||    36
       Short sword       |    81 |   168 ||   249
       Tailslap          |     7 |    34 ||    41
  Use: Scroll            |       |     8 ||     8
 Stab: Sleeping          |     2 |     2 ||     4
  Eat: Chunk             |     1 |     4 ||     5
       Ration            |       |     1 ||     1
Armor: Skin              |    44 |    46 ||    90
Dodge: Dodged            |   102 |   108 ||   210
       Rpst.: Long sword |    17 |       ||    17

Table legend:
 A = Spawn XP
 B = Non-spawn XP
 C = Spawn XP percentage of total XP
 D = Spawn monster count
 E = Non-spawn monster count
 F = Spawn count percentage of total count
 G = Total turns spent on level
                    A         B        C        D         E        F      G
               +---------+---------+-------+---------+---------+-------+---------
         Total |       0 |     696 |   0.0 |       0 |      88 |   0.0 |  3438
               +---------+---------+-------+---------+---------+-------+---------
           D:1 |       0 |      27 |   0.0 |       0 |      16 |   0.0 |   806
           D:2 |       0 |      49 |   0.0 |       0 |      19 |   0.0 |   581
           D:3 |       0 |     205 |   0.0 |       0 |      32 |   0.0 |  1229
           D:4 |       0 |     365 |   0.0 |       0 |      16 |   0.0 |   707
           D:5 |       0 |      50 |   0.0 |       0 |       5 |   0.0 |   115
               +---------+---------+-------+---------+---------+-------+---------
